 Dungeon Crawl Stone Soup version 0.27-a0-760-gc38aae387d (webtiles) character file.

Game seed: 1993628767328197233

13353 Lanoc the Geomancer (level 11, -6/88 HPs)
             Began as a Troll Earth Elementalist on Mar 26, 2021.
             Was an Elder of Vehumet.
             Mangled by an ice devil (20 damage)
             ... on level 11 of the Dungeon.
             The game lasted 00:32:55 (10317 turns).

Lanoc the Geomancer (Troll Earth Elementalist)     Turns: 10317, Time: 00:32:55

Health: -6/88      AC:  8    Str: 20    XL:     11   Next: 74%
Magic:  1/20       EV: 12    Int: 14    God:    Vehumet [****..]
Gold:   166        SH:  0    Dex: 10    Spells: 0/12 levels left

rFire    + . .     SeeInvis .   b - +9 staff of Olgreb {rPois∞}
rCold    . . .     Faith    .   (no shield)
rNeg     . . .     Spirit   .   m - +1 steam dragon scales
rPois    ∞         Reflect  .   (helmet restricted)
rElec    .         Harm     .   (no cloak)
rCorr    .         Rampage  .   (gloves unavailable)
Will     .....     Clarity  +   (boots unavailable)
Stlth    +.........             l - amulet of magic regeneration
HPRegen  1.24/turn              z - ring of protection from fire
MPRegen  0.42/turn              I - ring of magical power

@: no status effects
A: large, unfitting armour, claws 3, regeneration 1, shaggy fur 1, tough skin 1,
clarity, strong 1
a: Renounce Religion


You were on level 11 of the Dungeon.
You worshipped Vehumet.
Vehumet was greatly pleased with you.
You visited 2 branches of the dungeon, and saw 12 of its levels.

You collected 832 gold pieces.
You spent 666 gold pieces at shops.

Inventory:

Hand Weapons
 b - the +9 staff of Olgreb (weapon) {rPois∞}
   (You found it on level 7 of the Dungeon)

   It may poison the flesh of those it strikes, and is more effective with a
   high Evocations skill.
   It enhances your poison magic.
   It grants immunity to poison.
   It can be evoked to poison those around you for a time.
 u - the +5 dagger of a Labyrinth {elec, rElec rC+ Int+3}
   (You found it on level 10 of the Dungeon)

   Occasionally, upon striking a foe, it can discharge electrical energy and
   cause terrible harm.
   It affects your intelligence (+3).
   It protects you from cold.
   It insulates you from electricity.
Missiles
 y - 6 curare-tipped darts
 A - 139 stones
Armour
 k - a +0 kite shield
 m - +1 steam dragon scales (worn)
Magical Staves
 a - a staff of earth
Jewellery
 l - an amulet of magic regeneration (around neck)
 z - a ring of protection from fire (right claw)
 I - a ring of magical power (left claw)
Wands
 c - a wand of polymorph (9)
 q - a wand of paralysis (7)
 t - a wand of flame (33)
Scrolls
 f - 9 scrolls of teleportation
 g - a scroll of acquirement
 h - a scroll of immolation
 i - 3 scrolls of enchant armour
 o - 2 scrolls of amnesia
 r - a scroll of blinking
 s - a scroll of summoning
 v - 2 scrolls of fear
 E - a scroll of fog
 F - 2 scrolls of brand weapon
Potions
 d - 2 potions of cancellation
 e - 3 potions of haste
 j - 4 potions of curing
 n - 2 potions of mutation
 p - a potion of flight {unknown}
 x - a potion of might
 B - a potion of lignification
 D - a potion of ambrosia
 H - a potion of magic


   Skills:
 + Level 9.4 Dodging
 - Level 1.0 Stealth
 - Level 1.2 Spellcasting
 - Level 0.6 Transmutations
 * Level 14.0 Earth Magic


You couldn't memorise any spells.
You knew the following spells:

 Your Spells              Type           Power      Damage    Failure   Level
a - Sandblast             Erth           80%        2d17      1%          1
b - Passwall              Tmut/Erth      17%        N/A       1%          2
c - Lee's Rapid Deconstr  Erth           20%        3d13*     1%          5
d - Petrify               Tmut/Erth      21%        N/A       13%         4

Your spell library contained the following spells:

 Spells                   Type           Power      Damage    Failure   Level
 Ignite Poison            Fire/Tmut/Pois 2%         N/A       17%         3
 Stone Arrow              Conj/Erth      40%        3d9       1%          3
 Magic Dart               Conj           0%         1d3       7%          1
 Conjure Flame            Conj/Fire      0%         6-21      21%         3
 Dazzling Flash           Conj/Hex       0%         N/A       21%         3
 Mephitic Cloud           Conj/Pois/Air  1%         N/A       21%         3
 Corona                   Hex            0%         N/A       26%         1
 Blink                    Tloc           N/A        N/A       36%         2
 Call Imp                 Summ           0%         N/A       36%         2
 Ensorcelled Hibernation  Hex/Ice        0%         N/A       36%         2
 Slow                     Hex            0%         N/A       36%         2
 Sublimation of Blood     Necr           0%         N/A       36%         2
 Confusing Touch          Hex            0%         N/A       61%         3
 Tukima's Dance           Hex            0%         N/A       61%         3
 Agony                    Necr           0%         N/A       100%        5
 Death Channel            Necr           0%         N/A       100%        6
 Malign Gateway           Summ/Tloc      0%         N/A       100%        7


Dungeon Overview and Level Annotations

Branches:
Dungeon (11/15)            Temple (1/1) D:7            Lair (0/6) D:9
    Orc (0/2) D:11

Altars:
Dithmenos
Kikubaaqudgha
Okawaru
Qazlal
Ru
Uskayaw
Vehumet
Wu Jian
Yredelemnul

Shops:
D:10 *:[:   D:11 (?((

Portals:
Ice
Cave: D:11

Annotations:
D:7 1 runed translucent door


Innate Abilities, Weirdness & Mutations

You are too large for most types of armour.
You have claws for hands.
Your natural rate of healing is unusually fast.
You are covered in fur. (AC +1)
You have tough skin. (AC +1)
You possess an exceptional clarity of mind.
Your muscles are strong. (Str +2)


Message History

Casting: Sandblast (safe; 1% risk of failure)
Confirm with . or Enter, or press ? or * to list all spells.
Aiming: Sandblast (safe; 1% risk of failure)
Press: ? - help, Shift-Dir - straight line, f/p - ice devil
Aim: an ice devil (almost dead, 17% to evade)
The blast of sand hits the ice devil.
The ice devil is almost dead.
A - 142 stones The ice devil hits you but does no damage.
Casting: Sandblast (safe; 1% risk of failure)
Confirm with . or Enter, or press ? or * to list all spells.
Aiming: Sandblast (safe; 1% risk of failure)
Press: ? - help, Shift-Dir - straight line, f/p - ice devil
Aim: an ice devil (almost dead, 17% to evade)
The blast of sand hits the ice devil but does no damage.
The ice devil is almost dead.
A - 141 stones The ice devil hits you! The ice devil freezes you!
Casting: Sandblast (safe; 1% risk of failure)
Confirm with . or Enter, or press ? or * to list all spells.
Aiming: Sandblast (safe; 1% risk of failure)
Press: ? - help, Shift-Dir - straight line, f/p - ice devil
Aim: an ice devil (almost dead, 17% to evade)
The blast of sand hits the ice devil.
The ice devil is almost dead.
A - 140 stones The ice devil hits you. The ice devil freezes you!
* * * LOW HITPOINT WARNING * * *
Casting: Sandblast (safe; 1% risk of failure)
Confirm with . or Enter, or press ? or * to list all spells.
Aiming: Sandblast (safe; 1% risk of failure)
Press: ? - help, Shift-Dir - straight line, f/p - ice devil
Aim: an ice devil (almost dead, 17% to evade)
The blast of sand hits the ice devil but does no damage.
The ice devil is almost dead.
A - 139 stones The ice devil hits you!
* * * LOW HITPOINT WARNING * * *
The ice devil freezes you!!
You die...

.###### #............
.'))..######## #............
.####.....o..########............
.# ########..o.<...#............
.# ##########............ .#
#####* ##............ .#
#....*###'............ .#
#....##.'............. .#
#∩...@44#............. ##
#....##.'.############
#....*##### #####*


You could see 2 ice devils.

Vanquished Creatures
  Erolcha (D:11)
  2 hydras (D:11)
  Pikel (D:7)
  A kobold demonologist (D:11)
  4 trolls
  A slime creature (D:9)
  3 wraiths
  A spriggan (D:8)
  2 wyverns
  11 yaks
  3 vampire mosquitoes (D:10)
  2 water moccasins
  3 soldier ants (D:7)
  8 orc warriors
  3 sky beasts
  2 ice beasts
  A black bear (D:6)
  7 ogres
  A phantom (D:6)
  5 centaurs
  7 kobold brigands
  A wyvern zombie (D:9)
  4 gnoll sergeants
  5 bullfrogs
  A water moccasin zombie (D:5)
  A wyvern skeleton (D:5)
  A water moccasin skeleton (D:4)
  11 killer bees
  5 wights (D:8)
  4 howler monkeys
  7 centaur zombies
  A jelly (D:6)
  A gnoll shaman (D:5)
  2 hounds
  6 orc priests
  3 centaur skeletons
  3 orc wizards
  Natasha (twice) (D:3)
  4 worker ants
  A killer bee zombie (D:9)
  3 hound zombies (D:4)
  A hound skeleton (D:4)
  6 howler monkey zombies
  Robin (D:3)
  13 gnolls
  7 adders
  A white imp (D:7)
  An ufetubus (D:7)
  4 adder zombies (D:4)
  4 adder skeletons (D:4)
  2 worms (D:3)
  The ghost of Gonzollydolly the Sneak, a weakling MfDe (D:4)
  46 orcs
  10 ball pythons
  4 bats
  5 endoplasms
  3 giant cockroaches
  11 goblins
  8 hobgoblins
  6 jackals (D:1)
  16 kobolds
  5 quokkas
  5 frilled lizards
  A jackal skeleton (D:4)
  11 rats
307 creatures vanquished.

Vanquished Creatures (collateral kills)
  A soldier ant (D:7)
  A worker ant (D:7)
  An adder (D:7)
3 creatures vanquished.

Grand Total: 310 creatures vanquished

Notes
Turn   | Place    | Note
-------+----------+-------------------------------------------
     0 | D:1      | Lanoc the Troll Earth Elementalist began the quest for the
                  | Orb.
     0 | D:1      | Reached XP level 1. HP: 16/16 MP: 1/1
   177 | D:1      | Reached skill level 3 in Earth Magic
   301 | D:1      | Reached XP level 2. HP: 24/24 MP: 2/2
   993 | D:1      | Reached XP level 3. HP: 30/31 MP: 3/3
  2093 | D:3      | Learned a level 2 spell: Passwall
  2144 | D:3      | Reached skill level 4 in Earth Magic
  2301 | D:3      | Reached XP level 4. HP: 39/39 MP: 2/4
  2352 | D:3      | Noticed Robin
  2384 | D:3      | Killed Robin
  2549 | D:3      | Noticed Natasha
  2579 | D:3      | Killed Natasha
  2580 | D:3      | Reached XP level 5. HP: 28/45 MP: 2/5
  2635 | D:3      | Found a hide-covered altar of Uskayaw.
  2891 | D:4      | Reached skill level 5 in Earth Magic
  2942 | D:4      | Reached XP level 6. HP: 26/53 MP: 6/6
  3099 | D:3      | Noticed Natasha
  3102 | D:3      | Killed Natasha
  3217 | D:4      | Reached skill level 6 in Earth Magic
  3319 | D:4      | Found a radiant altar of Vehumet.
  3326 | D:4      | Found an ornate altar of the Wu Jian Council.
  3329 | D:4      | Reached XP level 7. HP: 59/59 MP: 7/7
  3335 | D:4      | Became a worshipper of Vehumet
  3398 | D:4      | Found a runed translucent gate.
  3400 | D:4      | Found a runed translucent gate.
  3400 | D:4      | Found a runed translucent gate.
  3402 | D:4      | Noticed Gonzollydolly's ghost (weakling MfDe)
  3484 | D:4      | Killed Gonzollydolly's ghost
  3561 | D:5      | Entered Level 5 of the Dungeon
  3646 | D:5      | You fall into a shaft and drop 2 floors!
  3923 | D:6      | Reached skill level 7 in Earth Magic
  4018 | D:6      | Reached XP level 8. HP: 32/67 MP: 8/8
  4249 | D:5      | Reached skill level 5 in Dodging
  4249 | D:5      | Reached skill level 8 in Earth Magic
  4293 | D:5      | Found an iron altar of Okawaru.
  4453 | D:5      | Reached * piety under Vehumet
  4453 | D:5      | Offered knowledge of Freeze by Vehumet.
  4598 | D:5      | Learned a level 5 spell: Lee's Rapid Deconstruction
  5274 | D:6      | Found a shadowy altar of Dithmenos.
  5297 | D:6      | Reached skill level 9 in Earth Magic
  5336 | D:6      | Reached XP level 9. HP: 51/74 MP: 6/9
  5658 | D:7      | Found a runed translucent gate.
  5667 | D:7      | Found a runed translucent door.
  5676 | D:7      | Found a runed translucent gate.
  5679 | D:7      | Found the +9 staff of Olgreb {rPois∞}
  5685 | D:7      | Found a runed translucent door.
  5715 | D:7      | Found a runed translucent gate.
  6034 | D:7      | Noticed Pikel
  6043 | D:7      | Paralysed by Pikel for 4 turns
  6065 | D:7      | Paralysed by Pikel for 3 turns
  6071 | D:7      | Paralysed by Pikel for 7 turns
  6080 | D:7      | Killed Pikel
  6081 | D:7      | Reached skill level 10 in Earth Magic
  6313 | D:7      | Found a staircase to the Ecumenical Temple.
  6608 | Temple   | Entered the Ecumenical Temple
  6868 | D:7      | Reached skill level 11 in Earth Magic
  6870 | D:7      | Reached ** piety under Vehumet
  6870 | D:7      | Offered knowledge of Shock by Vehumet.
  6982 | D:8      | Reached XP level 10. HP: 80/81 MP: 6/10
  7098 | D:8      | Found a sacrificial altar of Ru.
  7353 | D:8      | Offered knowledge of Frozen Ramparts by Vehumet.
  8188 | D:9      | Reached *** piety under Vehumet
  8302 | D:9      | Found a basalt altar of Yredelemnul.
  8313 | D:9      | Reached skill level 12 in Earth Magic
  8322 | D:9      | Identified the +6 hand axe "Duymodu" {venom, +Blink Int+3}
  8340 | D:9      | Found a staircase to the Lair.
  8541 | D:9      | Found an iron altar of Okawaru.
  8779 | D:10     | Entered Level 10 of the Dungeon
  8832 | D:10     | Found a stormy altar of Qazlal.
  8935 | D:10     | Noticed a deep elf pyromancer
  8935 | D:10     | Noticed a deep elf pyromancer
  9036 | D:10     | Offered knowledge of Airstrike by Vehumet.
  9064 | D:10     | Reached XP level 11. HP: 62/88 MP: 11/11
  9159 | D:10     | Found Otyhab's Book Shoppe.
  9165 | D:10     | Identified the +5 dagger of a Labyrinth {elec, rElec rC+
                  | Int+3}
  9279 | D:10     | Found Ohuqaa's Antique Armour Shoppe.
  9335 | D:10     | Found Kef Kaal's Book Shoppe.
  9414 | D:10     | Identified Weraylen's Volume of Unholy Orientation
  9465 | D:10     | Found Lageac's General Store.
  9474 | D:10     | Bought a potion of curing for 42 gold pieces
  9760 | D:10     | Gained mutation: You possess an exceptional clarity of
                  | mind. [potion of mutation]
  9760 | D:10     | Gained mutation: Your muscles are strong. (Str +2) [potion
                  | of mutation]
  9827 | D:11     | Noticed Erolcha
  9833 | D:11     | Reached skill level 13 in Earth Magic
  9852 | D:11     | Noticed a soul eater
  9861 | D:11     | Killed Erolcha
  9934 | D:11     | Reached **** piety under Vehumet
  9955 | D:11     | Noticed a five-headed hydra
  9967 | D:11     | Killed a five-headed hydra
 10058 | D:11     | Offered knowledge of Ignite Poison by Vehumet.
 10117 | D:11     | Noticed an orc knight
 10238 | D:11     | Learned a level 4 spell: Petrify
 10261 | D:11     | Found Ivanguss's Antique Weapon Emporium.
 10265 | D:11     | Found Mikerch's Magic Scroll Emporium.
 10267 | D:11     | Found Anauz's Antique Weapon Emporium.
 10267 | D:11     | Found Loozoesmust's Weapon Emporium.
 10269 | D:11     | Noticed a six-headed hydra
 10273 | D:11     | Killed a six-headed hydra
 10274 | D:11     | Reached skill level 14 in Earth Magic
 10280 | D:11     | Bought a scroll of acquirement for 624 gold pieces
 10296 | D:11     | Found a frozen archway.
 10317 | D:11     | Mangled by an ice devil

Illustrated notes

Levels and vault maps discovered:
D:1:      mainiacjoe_arrival_reflecting_pool, layout_basic
D:2:      layout_basic, minmay_surrounded
D:3:      layout_basic, general_overflow_altar, uniq_natasha, uniq_robin
D:4:      layout_rooms, grunt_temple_overflow_open, gammafunk_ghost_split,
          serial_undead, serial_undead_c, serial_undead_e, serial_undead_a,
          serial_undead_d, serial_undead_b
D:5:      layout_rooms, okawaru_trees_1
D:6:      layout_basic, kennysheep_little_box
D:7:      layout_basic, temple_hall, minmay_guarded_unrand_staff_of_olgreb,
          uniq_pikel
D:8:      minmay_distorted_concentric_squares, layout_loops_cross,
          nicolae_ru_awakened_eye, serial_aquarium, aquarium_bridge_straight
          [aquarium_subvault_bridge, aquarium_subvault_wall,
          aquarium_subvault_bridge, aquarium_subvault_wall],
          aquarium_bridge_square [aquarium_subvault_bridge,
          aquarium_subvault_bridge, aquarium_subvault_wall,
          aquarium_subvault_wall], aquarium_window_fake, aquarium_window_1,
          aquarium_window_double, aquarium_view_2f, aquarium_balcony_3b,
          aquarium_pool_1, the_bakery
D:9:      layout_basic, nicolae_yredelemnul_corpse_copse, marbit_many_paths,
          old_standard_altar, dpeg_oklobed_lair
D:10:     minmay_weird_star, layout_cave_pods, basic_altar, serial_shops,
          shop_coins, nicolae_shop_crystal, shop, shop, lightli_corner_chamber
D:11:     layout_roguey [special_room_orc],
          kennysheep_orc_monster_closet_entryway, portal_ice_cave_demonic_guard,
          minmay_shop_grid_forest, uniq_josephine, uniq_erolcha
Temple:   jpeg_temple_clearing

Skill      XL: |  1  2  3  4  5  6  7  8  9 10 11 |
---------------+----------------------------------+-----
Earth Magic    | 3 4 5 6 7 9 11 12 14 | 14.0
Dodging        | 2 3 4 5 7 8 9 |  9.4
Stealth        | |  1.0
Spellcasting   | |  1.2
Transmutations | |  0.6

Action                   |  1- 3 |  4- 6 |  7- 9 | 10-12 || total
-------------------------+-------+-------+-------+-------++-------
Melee: Unarmed           |   157 |   186 |   291 |       ||   634
       Staff             |       |       |    26 |   369 ||   395
Throw: Dart              |       |       |    10 |       ||    10
 Cast: Sandblast         |     8 |    31 |   131 |    71 ||   241
       Lee's Rapid Decon |       |       |     2 |    65 ||    67
Evoke: Staff of Olgreb   |       |       |    11 |     2 ||    13
       Wand              |       |       |       |     6 ||     6
  Use: Scroll            |       |       |     8 |    12 ||    20
       Potion            |       |       |       |     3 ||     3
 Stab: Sleeping          |     2 |       |       |       ||     2
Armor: Robe              |    47 |       |       |       ||    47
       Steam dragon scal |     6 |   207 |   218 |   202 ||   633
Dodge: Dodged            |    77 |   230 |   290 |   308 ||   905

Table legend: (Time is in decaauts)
 A = Elapsed time spent in this place.
 B = Non-inter-level travel time spent in this place.
 C = Inter-level travel time spent in this place.
 D = Time resting spent in this place.
 E = Time spent auto-exploring this place.
 F = Levels seen in this place.
 G = Mean time per level.
                   A        B        C        D        E       F      G
               +--------+--------+--------+--------+--------+-----+--------+
         Total |  10453 |   9868 |    585 |    175 |   6683 |  12 |  871.1 |
       Dungeon |  10437 |   9859 |    578 |    175 |   6676 |  11 |  948.8 |
        Temple |     15 |      8 |      7 |      0 |      7 |   1 |   15.0 |
               +--------+--------+--------+--------+--------+-----+--------+

Top non-repeatable levels by time:
     D:7: 1502 daAuts
     D:1: 1425 daAuts
     D:8: 1167 daAuts
     D:6: 1138 daAuts
     D:3: 1097 daAuts
    D:10: 1033 daAuts
     D:9: 755 daAuts
     D:5: 729 daAuts
     D:4: 600 daAuts
    D:11: 542 daAuts
     D:2: 444 daAuts
  Temple: 15 daAuts
